AoeStats
← Hatchtag

Hideout

507863615Analyzed
1v1 RM · 13d ago on Sep 20, 2026· 58m 57s· 2 players
Game mode
Random Map
Map size
Tiny (2 player)
Population
200
Speed
Normal
Resources
Standard
Victory
Conquest
Starting age
Dark Age
Ending age
Imperial Age
RankedLock teamsTeams togetherTeam positionsShared explorationLock speedFull tech treeHidden civsTurbo modeCheats
Victory
Defeat
🇧🇷 Portuguese · Brazil
988
+15
🇺🇸 Tupi · United States
964
-15
Hatchtag
10:02 Feudal Age
10:58 Champi Runner
11:39 Stone Mining
11:38 Double-Bit Axe
11:54 Fletching
12:33 Horse Collar
15:14 Forging
21:44 Castle Age
19:30 Loom
23:30 Sanctity
24:44 Redemption
38:29 Imperial Age
40:07 Pikeman
40:48 Squires
41:22 Bow Saw
41:12 Heavy Plow
41:03 Gold Mining
41:23 Heavy Plow
41:14 Gold Mining
41:15 Stone Mining
41:22 Halberdier
43:10 Scale Mail Armor
43:46 Iron Casting
44:29 Crossbowman
44:30 Elite Skirmisher
47:18 Bodkin Arrow
47:25 Padded Archer Armor
47:40 Chain Mail Armor
50:37 Two-Man Saw
50:13 Gold Shaft Mining
50:22 Wheelbarrow
49:32 Town Watch
49:23 Arbalester
50:38 Conscription
51:50 Bracer
51:57 Elite Blackwood Archer
bastos021
7:34 Loom
10:22 Feudal Age
16:22 Castle Age
14:33 Double-Bit Axe
20:43 Bow Saw
23:15 Horse Collar
25:43 Wheelbarrow
25:50 Bloodlines
28:13 Heavy Plow
27:59 Light Cavalry
31:45 Redemption
37:39 Atonement
41:07 Imperial Age
41:27 Devotion
42:01 Scale Barding Armor
42:06 Forging
43:07 Chain Barding Armor
43:21 Cavalier
44:01 Husbandry
47:48 Ballistics
48:29 Chemistry
52:08 Bombard Tower
53:58 Plate Barding Armor
55:04 Iron Casting
55:13 Hand Cart
Connection lost

Rejoining the realm…

Still unreachable

The connection could not be restored.

Session expired

The server has moved on; the page needs a fresh start.